 Dungeon Crawl Stone Soup version 0.31.0-9-g3a7656b989 (webtiles) character file.

Game seed: 11936604743038765982

1918 qw the Skirmisher (level 8, -1/46 HPs)
             Began as a Deep Elf Hunter on Feb 2, 2024.
             Was a Priest of Okawaru.
             Killed by divine providence
             ... invoked by an orc priest
              (17 damage)
             ... on level 7 of the Dungeon.
             The game lasted 00:00:23 (4734 turns).

qw the Skirmisher (Deep Elf Hunter)                 Turns: 4734, Time: 00:00:24

Health: -1/46      AC:  9    Str: 10    XL:     8   Next: 95%
Magic:  13/13      EV: 12    Int: 13    God:    Okawaru [***...]
Gold:   85         SH:  5    Dex: 18    Spells: 7/7 levels left

rFire   + . .        h - +0 longbow
rCold   . . .        (shield currently unavailable)
rNeg    . . .        m - +0 ring mail
rPois   .            d - +2 helmet
rElec   .            g - +0 cloak
rCorr   .            (no gloves)
SInv    +            (no boots)
Will    .....        q - amulet of reflection
Stlth   +            f - +4 ring of slaying {mikee}
HPRegen 0.27/turn    t - ring of see invisible
MPRegen 0.13/turn

%: reflection, clarity
@: no status effects
A: clarity, dopey 1, fire resistance 1
a: Renounce Religion, Heroism


You were on level 7 of the Dungeon.
You worshipped Okawaru.
Okawaru was most pleased with you.
You visited 1 branch of the dungeon, and saw 7 of its levels.

You collected 225 gold pieces.
You spent 140 gold pieces at shops.


Innate Abilities, Weirdness & Mutations

You possess an exceptional clarity of mind.
You are dopey. (Int -2)
Your flesh is heat resistant. (rF+)


   Skills:
 - Level 3.3 Fighting
 + Level 13.3 Ranged Weapons
 - Level 1.3 Armour
 - Level 4.2 Dodging
 - Level 1.2 Stealth
 - Level 4.4 Invocations


You had 7 spell levels left.
You didn't know any spells.
Your spell library was empty.

Inventory:

Hand Weapons
 h - a +0 longbow (weapon)
Armour
 d - a +2 helmet (worn)
 g - a +0 cloak (worn)
 m - a +0 ring mail (worn)
Jewellery
 f - a +4 ring of slaying (left hand) {mikee}
 q - an amulet of reflection (around neck)
 t - a ring of see invisible (right hand)
Wands
 i - a wand of mindburst (30)
 j - a wand of flame (12)
Scrolls
 b - a scroll of teleportation
Potions
 a - a potion of might
 e - 6 potions of curing
 k - 2 potions of heal wounds
 l - a potion of cancellation
 n - a potion of enlightenment
 o - a potion of mutation
 s - a potion of magic

Dungeon Overview and Level Annotations

Branches:
Dungeon (7/15)             Temple (0/1) D:4

Altars:
Gozag
Kikubaaqudgha
Okawaru
Uskayaw
Yredelemnul
The Shining One

Shops:
D:5 [*:(=


Message History

You climb downwards.
The orc shouts!
The orc wizard shouts!
The orc shouts!
You hear a shout!
Found 11 gold pieces.
Found a stone staircase leading down.
There is a stone staircase leading up here.
There are monsters nearby!
Waypoint 6 assigned to D:7.
You shoot an arrow. The arrow hits the orc!
You kill the orc!
Okawaru accepts your kill.
The orc wizard gestures at you while chanting.
The magic dart hits you!
You shoot an arrow.
The arrow closely misses the orc wizard.
You hear a shout!
An orc comes into view. It is wielding a +0 dagger.
You shoot an arrow. The arrow hits the orc!!
You kill the orc!
Okawaru accepts your kill.
You shoot an arrow.
The arrow hits the orc wizard but does no damage.
You shoot an arrow.
The arrow completely misses the orc wizard.
The orc wizard barely misses you.
An orc priest comes into view. It is wielding a +0 whip.
You shoot an arrow. The arrow hits the orc priest.
The orc priest is lightly wounded.
You block the orc wizard's attack. The orc hits you with a +0 falchion.
The orc priest misses you.
You shoot an arrow. The arrow hits the orc priest.
The orc priest is heavily wounded.
The orc wizard hits you but does no damage.
The orc barely misses you.
The orc priest calls down the wrath of Beogh upon you.
Beogh smites you!
You shoot an arrow.
The arrow closely misses the orc priest.
The orc wizard hits you with a +0 dagger.
The orc hits you but does no damage.
The orc priest invokes the aid of Beogh against you.
Beogh smites you!
You die...

..............
.............
............
#........).
........ ....)
#oo# #@# #.o.#
#...# ....#
#.... #.>...
#.##### #$#


You could see an orc priest, an orc wizard and an orc.

Vanquished Creatures
  Maggie (D:5)
  Menkaure (D:6)
  A water moccasin (D:5)
  An ice beast (D:5)
  A black bear (D:5)
  2 sky beasts (D:6)
  A centaur (D:6)
  4 scorpions
  A crimson imp (D:6)
  3 hounds (D:6)
  4 jellies
  An orc priest (D:6)
  3 sleepcaps
  Jessica (D:3)
  Ijyb (D:3)
  2 iguanas
  7 orc wizards
  Natasha (D:3)
  3 gnolls
  11 adders
  2 white imps (D:6)
  A ribbon worm (D:2)
  A dart slug (D:3)
  20 orcs
  5 ball pythons
  8 bats
  21 endoplasms
  6 goblins
  5 hobgoblins
  11 jackals
  4 quokkas
  5 frilled lizards
  12 kobolds
  2 rats
153 creatures vanquished.

Notes
Turn   | Place    | Note
-------+----------+-------------------------------------------
     0 | D:1      | qw the Deep Elf Hunter began the quest for the Orb.
     0 | D:1      | Reached XP level 1. HP: 12/12 MP: 3/3
     0 | D:1      | 0 ||| qw: Version: 0.3-a-155-g5e7d8dd
     0 | D:1      | 0 ||| qw: Game counter: 1243
     0 | D:1      | 0 ||| qw: Melee chars always use a shield: true
     0 | D:1      | 0 ||| qw: God list: Okawaru
     0 | D:1      | 0 ||| qw: Allow faded altars: false
     0 | D:1      | 0 ||| qw: Do Orc after clearing Dungeon:15 true
     0 | D:1      | 0 ||| qw: Do second Lair branch before Depths: true
     0 | D:1      | 0 ||| qw: Lair rune preference: random
     0 | D:1      | 0 ||| qw: Goals: Normal
     0 | D:1      | 0 ||| PLANNING D:1-11
   181 | D:1      | Reached XP level 2. HP: 16/16 MP: 4/4
   183 | D:1      | Reached skill level 6 in Ranged Weapons
   513 | D:1      | Reached XP level 3. HP: 18/20 MP: 5/5
   722 | D:1      | 722 ||| READING scroll labelled GUHAGE ILIXT.
   723 | D:1      | 723 ||| READING scroll labelled XEGUKO FENN.
   728 | D:1      | 728 ||| READING scroll labelled ETAETO TEJIBBIDDOR.
   728 | D:1      | 728 ||| IDENTIFYING 2 emerald potions
   729 | D:1      | 729 ||| DRINKING 2 ruby potions.
   730 | D:1      | 730 ||| DROPPING scroll of butterflies.
   731 | D:1      | 731 ||| DROPPING potion of brilliance.
   785 | D:2      | HP: 4/20 [poisoned by an adder]
   786 | D:2      | 786 ||| DRINKING 2 potions of curing.
   786 | D:2      | 786 ||| (to cure poison)
   835 | D:2      | Reached skill level 7 in Ranged Weapons
   857 | D:2      | Found an iron altar of Okawaru.
   858 | D:2      | 858 ||| PLANNING OKAWARU WORSHIP
   858 | D:2      | 858 ||| READING scroll labelled ZOYCWI CINA.
   966 | D:2      | Became a worshipper of Warmaster Okawaru
   967 | D:2      | 967 ||| PLANNING D:1-11
  1153 | D:2      | Reached XP level 4. HP: 25/25 MP: 6/6
  1318 | D:2      | 1318 ||| UPGRADING to +0 cloak.
  1323 | D:2      | 1323 ||| UPGRADING to +4 ring of slaying {mikee}.
  1324 | D:2      | 1324 ||| READING 2 scrolls of identify.
  1324 | D:2      | 1324 ||| IDENTIFYING scroll labelled FAHEGI TUODI
  1325 | D:2      | 1325 ||| READING scroll of brand weapon.
  1325 | D:2      | 1325 ||| BRANDING +0 shortbow.
  1326 | D:2      | 1326 ||| READING scroll of identify.
  1326 | D:2      | 1326 ||| IDENTIFYING scroll labelled LUHOJO REZXA
  1327 | D:2      | 1327 ||| DROPPING scroll of summoning.
  1458 | D:3      | 1458 ||| SWAPPING to +0 longbow.
  1459 | D:3      | 1459 ||| DROPPING +0 heavy shortbow.
  1474 | D:3      | Noticed Ijyb
  1478 | D:3      | Killed Ijyb
  1479 | D:3      | Reached skill level 8 in Ranged Weapons
  1479 | D:3      | 1479 ||| FLEEEEING.
  1480 | D:3      | 1480 ||| FLEEEEING.
  1481 | D:3      | 1481 ||| FLEEEEING.
  1482 | D:3      | 1482 ||| FLEEEEING.
  1483 | D:3      | 1483 ||| STAIRDANCE
  1506 | D:2      | 1506 ||| UPGRADING to +0 helmet.
  1513 | D:3      | 1513 ||| STAIRDANCE
  1555 | D:3      | Reached XP level 5. HP: 28/29 MP: 7/7
  1735 | D:3      | Noticed Natasha
  1737 | D:3      | Killed Natasha
  1738 | D:3      | Reached skill level 9 in Ranged Weapons
  1882 | D:3      | Identified the +9 dagger "Guzeosik" {spect, rC- Str+4}
  1882 | D:3      | Noticed Jessica
  1883 | D:3      | Killed Jessica
  1884 | D:3      | Reached skill level 3 in Dodging
  1943 | D:3      | 1943 ||| UPGRADING to amulet of the acrobat.
  1948 | D:3      | 1948 ||| READING scroll labelled PATHUCHARR.
  2131 | D:4      | Found a staircase to the Ecumenical Temple.
  2283 | D:4      | 2283 ||| UPGRADING to +0 ring mail.
  2293 | D:4      | 2293 ||| DROPPING +0 leather armour.
  2294 | D:4      | 2294 ||| READING scroll of identify.
  2294 | D:4      | 2294 ||| IDENTIFYING fizzy green potion
  2295 | D:4      | 2295 ||| READING scroll labelled FIRGHU FAGOBLAU.
  2296 | D:4      | 2296 ||| READING scroll labelled QOUBLOMOWA.
  2319 | D:4      | Reached XP level 6. HP: 35/35 MP: 8/8
  2325 | D:4      | Reached * piety under Okawaru
  2326 | D:4      | Reached skill level 1 in Armour
  2791 | D:4      | Found a hide-covered altar of Uskayaw.
  2791 | D:4      | Found a glowing golden altar of the Shining One.
  2791 | D:4      | Found an opulent altar of Gozag.
  2791 | D:4      | Found an ancient bone altar of Kikubaaqudgha.
  2791 | D:4      | Found a basalt altar of Yredelemnul.
  2791 | D:4      | Found a hide-covered altar of Uskayaw.
  2798 | D:4      | Reached skill level 1 in Invocations
  2800 | D:4      | 2800 ||| READING scroll of identify.
  2800 | D:4      | 2800 ||| IDENTIFYING viscous blue potion
  2801 | D:4      | 2801 ||| DRINKING 2 green potions.
  2801 | D:4      | Gained mutation: You possess an exceptional clarity of
                  | mind. [potion of mutation]
  2801 | D:4      | Gained mutation: You are dopey. (Int -2) [potion of
                  | mutation]
  2801 | D:4      | Gained mutation: Your flesh is heat resistant. (rF+)
                  | [potion of mutation]
  2855 | D:5      | Entered Level 5 of the Dungeon
  3032 | D:5      | Noticed a water moccasin
  3033 | D:5      | 3033 ||| INVOKING Heroism.
  3035 | D:5      | Killed a water moccasin
  3066 | D:5      | Reached XP level 7. HP: 40/40 MP: 10/10
  3081 | D:5      | Found Xuhiemp's Book Boutique.
  3085 | D:5      | Found Fowemoe's Weapon Emporium.
  3119 | D:5      | Found Jimmeolocw's Jewellery Emporium.
  3188 | D:5      | 3188 ||| SHOPLISTING +6 ring of strength (396 gold, have
                  | 182).
  3188 | D:5      | 3188 ||| SHOPLISTING ring "Cuh Suz" {rElec rC+ Int+5
                  | Slay-2} (452 gold, have 182).
  3188 | D:5      | 3188 ||| SHOPLISTING ring of protection from fire (275
                  | gold, have 182).
  3188 | D:5      | 3188 ||| SHOPLISTING ring of resist corrosion (220 gold,
                  | have 182).
  3214 | D:5      | Found Toos's General Store.
  3223 | D:5      | 3223 ||| BUYING potion of magic (112 gold).
  3223 | D:5      | Bought a potion of magic for 112 gold pieces
  3223 | D:5      | 3223 ||| BUYING scroll of identify (28 gold).
  3223 | D:5      | Bought a scroll of identify for 28 gold pieces
  3287 | D:5      | 3287 ||| INVOKING Heroism.
  3289 | D:5      | Reached skill level 10 in Ranged Weapons
  3289 | D:5      | Reached skill level 3 in Invocations
  3449 | D:5      | Found Bothraeru's Antique Armour Emporium.
  3462 | D:5      | 3462 ||| SHOPLISTING pair of glowing gloves (232 gold, have
                  | 42).
  3552 | D:5      | 3552 ||| UPGRADING to amulet of reflection.
  3562 | D:5      | 3562 ||| DROPPING amulet of the acrobat.
  3563 | D:5      | 3563 ||| UPGRADING to ring of see invisible.
  3564 | D:5      | 3564 ||| READING 2 scrolls of identify.
  3564 | D:5      | 3564 ||| IDENTIFYING sedimented orange potion
  3565 | D:5      | 3565 ||| READING scroll of identify.
  3565 | D:5      | 3565 ||| IDENTIFYING scroll labelled KAYKHU ZOCK
  3566 | D:5      | 3566 ||| READING scroll of enchant armour.
  3566 | D:5      | 3566 ||| ENCHANTING +0 helmet.
  3567 | D:5      | 3567 ||| READING 2 scrolls labelled SAMYTASAIMN.
  3568 | D:5      | 3568 ||| DROPPING scroll of amnesia.
  3590 | D:6      | Noticed Menkaure
  3591 | D:6      | 3591 ||| INVOKING Heroism.
  3595 | D:6      | Noticed Maggie
  3596 | D:6      | 3596 ||| RETREEEEATING.
  3601 | D:6      | Killed Menkaure
  3602 | D:6      | 3602 ||| FLEEEEING.
  3603 | D:6      | 3603 ||| FLEEEEING.
  3604 | D:6      | 3604 ||| FLEEEEING.
  3605 | D:6      | 3605 ||| FLEEEEING.
  3606 | D:6      | 3606 ||| FLEEEEING.
  3607 | D:6      | 3607 ||| FLEEEEING.
  3608 | D:6      | 3608 ||| FLEEEEING.
  3609 | D:6      | 3609 ||| STAIRDANCE
  3702 | D:5      | 3702 ||| READING scroll labelled IPRO FODWOPH.
  3705 | D:6      | 3705 ||| STAIRDANCE
  3809 | D:6      | 3809 ||| INVOKING Heroism.
  3815 | D:6      | 3815 ||| STAIRDANCE
  3912 | D:6      | 3912 ||| INVOKING Heroism.
  3927 | D:6      | 3927 ||| STAIRDANCE
  3929 | D:5      | Killed Maggie
  3930 | D:5      | Reached skill level 11 in Ranged Weapons
  3930 | D:5      | Reached XP level 8. HP: 43/44 MP: 13/13
  3965 | D:6      | Reached ** piety under Okawaru
  4004 | D:6      | Reached skill level 12 in Ranged Weapons
  4062 | D:6      | Reached skill level 3 in Fighting
  4248 | D:6      | Found an ancient bone altar of Kikubaaqudgha.
  4553 | D:6      | Reached skill level 13 in Ranged Weapons
  4561 | D:6      | Reached *** piety under Okawaru
  4646 | D:6      | 4646 ||| READING scroll of enchant armour.
  4646 | D:6      | 4646 ||| ENCHANTING +1 helmet.
  4719 | D:6      | 4719 ||| READING scroll of identify.
  4719 | D:6      | 4719 ||| IDENTIFYING bubbling brown potion
  4734 | D:7      | Killed from afar by an orc priest

Levels and vault maps discovered:
D:1:      dpeg_arrival_arbitrary_b, layout_loops_ring
D:2:      layout_basic, basic_altar
D:3:      layout_basic, minivault_11, uniq_ijyb, uniq_natasha, uniq_jessica
D:4:      cheibrodos_fertilizer, layout_basic,
          minmay_temple_entry_statues_fountains, serial_co_window_serial,
          co_window_of_opportunity_a, co_window_paths_a,
          co_window_of_opportunity_a, co_window_of_opportunity_a,
          co_window_corner_a, co_window_2corner, co_window_of_opportunity_b,
          co_window_unsneaky_path_a
D:5:      nicolae_cairo_tiling_very_big, layout_rooms, serial_shops,
          shop_statue, shop, shop_statue, shop, nicolae_shop_advertising_works
          [nicolae_subvault_shop_adworks], hex_tiny, minmay_gold_behind_fungi,
          kennysheep_another_room, minmay_misc_feat_square
D:6:      layout_basic, mainiacjoe_overflow_24_doors, minmay_fire_ice_demons,
          uniq_menkaure, uniq_maggie
D:7:      layout_basic, minmay_misc_feat_plants, uniq_pikel

Skill      XL: |  1  2  3  4  5  6  7  8 |
---------------+-------------------------+-----
Ranged Weapons | 6 7 8 9 11 13 | 13.3
Dodging        | 3 4 |  4.2
Fighting       | 2 3 |  3.3
Armour         | 1 |  1.3
Invocations    | 2 4 |  4.4
Stealth        | |  1.2

Action                     |  1- 3 |  4- 6 |  7- 9 || total
---------------------------+-------+-------+-------++-------
   Fire: Shortbow          |   132 |    11 |       ||   143
         Longbow           |       |   104 |   150 ||   254
 Invoke: Heroism           |       |     1 |     4 ||     5
    Use: Scroll            |     4 |     8 |     7 ||    19
         Potion            |     2 |     1 |       ||     3
 Armour: Leather armour    |    29 |    14 |       ||    43
         Ring mail         |       |     7 |    53 ||    60
  Dodge: Dodged            |    39 |    26 |    29 ||    94
  Block: Other             |       |       |    10 ||    10
         Reflection        |       |       |     1 ||     1

Table legend:
 A = Non-vault XP
 B = Vault XP
 C = Vault XP percentage of total XP
 D = Non-vault monster count
 E = Vault monster count
 F = Vault count percentage of total count
                 A         B        C        D         E       F
            +---------+---------+-------+---------+---------+-------
      Total |    2140 |     601 |  21.9 |     131 |      22 |  14.4
            +---------+---------+-------+---------+---------+-------
        D:1 |      49 |       0 |   0.0 |      28 |       0 |   0.0
        D:2 |      78 |       0 |   0.0 |      17 |       0 |   0.0
        D:3 |      95 |     106 |  52.7 |      20 |       3 |  13.0
        D:4 |     164 |      65 |  28.4 |      20 |      15 |  42.9
        D:5 |     608 |     200 |  24.8 |      16 |       1 |   5.9
        D:6 |    1140 |     230 |  16.8 |      28 |       3 |   9.7
        D:7 |       6 |       0 |   0.0 |       2 |       0 |   0.0
            +---------+---------+-------+---------+---------+-------
